 Dungeon Crawl Stone Soup version 0.25-a0-253-g6f1b5d974a (webtiles) character file.

Game seed: 8683479989558857991, levelgen mode: classic

681 Borgoz the Skirmisher (level 7, -1/44 HPs)
             Began as a Gargoyle Fighter on Dec 6, 2019.
             Slain by a slave (2 damage)
             ... led by Pikel
             ... on level 4 of the Dungeon.
             The game lasted 00:08:00 (2754 turns).

Borgoz the Skirmisher (Gargoyle Fighter)            Turns: 2754, Time: 00:08:01

Health: -1/44      AC: 13    Str: 22    XL:     7   Next: 61%
Magic:  7/7        EV: 11    Int:  8    God:
Gold:   145        SH:  0    Dex:  9    Spells: 6/6 levels left

rFire    . . .     SeeInvis .   a - +1 long sword
rCold    + . .     Gourm    .   (no shield)
rNeg     + . .     Faith    +   b - +0 scale mail
rPois    ∞         Spirit   .   (no helmet)
rElec    +         Reflect  .   o - +0 cloak
rCorr    .         Harm     .   (no gloves)
MR       .....                  (no boots)
Stlth    ..........             y - amulet of faith
HPRegen  0.14/turn              m - ring of protection from cold
MPRegen  0.10/turn              (no ring)

@: no status effects
A: negative energy resistance 1, electricity resistance, unbreathing,
petrification resistance, rot immunity, AC +4
a: no special abilities


You were on level 4 of the Dungeon.
You were not hungry.

You visited 1 branch of the dungeon, and saw 4 of its levels.
You also visited: Sewer.

You collected 145 gold pieces.

Inventory:

Hand Weapons
 a - a +1 long sword (weapon)
Armour
 b - a +0 scale mail (worn)
 o - a +0 cloak (worn)
Jewellery
 m - a ring of protection from cold (left hand)
 y - an amulet of faith (around neck)
Wands
 e - a wand of enslavement (11)
 i - a wand of flame (11)
 r - a wand of acid (2)
Scrolls
 g - 4 scrolls of teleportation
 h - 3 scrolls of immolation {unknown}
 k - a scroll of enchant weapon
 l - a scroll of noise {unknown}
 s - 2 scrolls of enchant armour {unknown}
 w - a scroll of fog {unknown}
 x - a scroll of blinking {unknown}
Potions
 c - 2 potions of heal wounds
 j - a potion of lignification {unknown}
 n - 2 potions of invisibility {unknown}
 p - 3 potions of curing
 q - 2 potions of berserk rage {unknown}
 t - 3 potions of haste
 u - 4 potions of flight
 v - 2 potions of brilliance {unknown}
Comestibles
 f - 6 rations


   Skills:
 + Level 5.1 Fighting
 * Level 4.9 Long Blades
 + Level 5.1 Armour
 + Level 2.6 Dodging
   Level 3.2 Shields


You had 6 spell levels left.
You didn't know any spells.
Your spell library was empty.

Dungeon Overview and Level Annotations

Branches:
Dungeon (4/15)              Sewer (visited)
 Temple: D:4-7

Altars:

Annotations:
D:4 Pikel


Innate Abilities, Weirdness & Mutations

You are resistant to torment.
Your stone body is resilient. (AC +4)
You are immune to poison.
You resist negative energy. (rN+)
You are resistant to electric shocks. (rElec)
You can survive without breathing.
You are immune to petrification.
You are immune to rotting.


Message History

The slave hits you.
Pikel says, "I just want to get paid!"
You completely miss the slave.
The slave is lightly wounded.
The slave barely misses you.
You slash the slave!
The slave is heavily wounded.
The slave barely misses you.
You completely miss the slave.
The slave is heavily wounded.
The slave hits you. The ogre barely misses you.
You riposte.
You hit the ogre.
The ogre is lightly wounded.
You completely miss the slave.
The slave is heavily wounded.
The slave hits you but does no damage.
The ogre hits you with a +0 giant club!!
* * * LOW HITPOINT WARNING * * *
Unknown command.
The slave hits you.
You die...

#.........>.............p.....
#............#.#.#.##.###..#.#
#...#.##......................
####...#........#.#.#.#..#.#.....
.#.....#........#.#.#p#..........
.#.##............................
.#.................ZZ............
.####..##...#..####p.####........
.# #..##.......@.Op...........##
.####..........##p#..########...,
...........###.##.#..# #....
.#.##.####.#**.......#********,,,
.......# #.#,,,......#*,,,,* **,,
.#.###.###.#,,..####..,,,,,* *,,
.#....÷....#,...,,*#.##,,,,* *,>
.#####.######...,,**.#*,,,,* *,,
.# #...#*,....,,**,**,,,,****,,


You could see an ogre and 3 slaves.

Vanquished Creatures
  An orc warrior (D:3)
  Purgy (Sewer)
  A slave (D:4)
  An orc priest (D:3)
  3 hounds (D:4)
  A gnoll shaman (D:2)
  A worker ant zombie (D:4)
  11 adders
  8 gnolls
  2 river rats (D:4)
  An ooze (D:3)
  6 worms
  2 dart slugs (D:2)
  2 leopard geckos
  6 orcs
  13 bats
  6 giant cockroaches
  8 goblins
  13 hobgoblins
  4 jackals
  2 quokkas (D:3)
  4 ball pythons
  7 frilled lizards
  10 kobolds
  11 rats
125 creatures vanquished.

Notes
Turn   | Place    | Note
-------+----------+-------------------------------------------
     0 | D:1      | Borgoz the Gargoyle Fighter began the quest for the Orb.
     0 | D:1      | Reached XP level 1. HP: 14/14 MP: 1/1
    68 | D:1      | Reached XP level 2. HP: 16/19 MP: 2/2
   186 | D:1      | You fall into a shaft and drop 1 floor!
   300 | D:2      | Reached XP level 3. HP: 18/24 MP: 3/3
   303 | D:2      | Reached skill level 1 in Dodging
   303 | D:2      | Reached XP level 4. HP: 22/29 MP: 4/4
   629 | D:2      | Reached XP level 5. HP: 33/33 MP: 5/5
   730 | D:2      | Found a faded altar of an unknown god.
  1702 | D:3      | Reached XP level 6. HP: 36/39 MP: 6/6
  2008 | D:3      | Noticed an orc warrior
  2014 | D:3      | Killed an orc warrior
  2224 | D:4      | Reached XP level 7. HP: 41/44 MP: 7/7
  2315 | D:4      | Found a glowing drain.
  2369 | Sewer    | Entered a sewer
  2511 | Sewer    | Noticed Purgy
  2519 | Sewer    | Killed Purgy
  2519 | Sewer    | Reached skill level 5 in Fighting
  2519 | Sewer    | Reached skill level 5 in Armour
  2699 | D:4      | Noticed Pikel
  2753 | D:4      | HP: 1/44 [ogre/+0 giant club (20)]
  2754 | D:4      | Slain by a slave

Levels and vault maps discovered:
D:1:      lemuel_arrival_muddy, layout_basic
D:2:      minmay_wonky_spiral, layout_basic, chequers_ecumenical_altar_twisty,
          dk_noncrumbling_2, minmay_circled_x
D:3:      layout_basic, minmay_joined_circles
D:4:      layout_basic, first_ration, portal_sewer_entry_e,
          nemelex_xobeh_ov_fountains_minmay, uniq_pikel

Skill      XL: |  1  2  3  4  5  6  7 |
---------------+----------------------+-----
Long Blades    | 2 3 4 |  4.9
Dodging        | 1 2 |  2.6
Armour         | 4 5 |  5.1
Fighting       | 4 5 |  5.1
Shields        | |  3.2

Action                   |  1- 3 |  4- 6 |  7- 9 || total
-------------------------+-------+-------+-------++-------
Melee: Long sword        |    41 |   252 |   121 ||   414
Evoke: Wand              |       |    11 |     3 ||    14
  Use: Potion            |     1 |       |     1 ||     2
       Scroll            |       |     9 |     1 ||    10
  Eat: Chunk             |       |     5 |     2 ||     7
Armor: Scale mail        |    24 |   155 |   105 ||   284
Dodge: Dodged            |    24 |   149 |    83 ||   256
       Rpst.: Long sword |     6 |    49 |    15 ||    70

Table legend:
 A = Non-vault XP
 B = Vault XP
 C = Vault XP percentage of total XP
 D = Non-vault monster count
 E = Vault monster count
 F = Vault count percentage of total count
                 A         B        C        D         E       F
            +---------+---------+-------+---------+---------+-------
      Total |     686 |     287 |  29.5 |      83 |      41 |  33.1
            +---------+---------+-------+---------+---------+-------
        D:1 |      37 |       0 |   0.0 |      19 |       0 |   0.0
        D:2 |     156 |      13 |   7.7 |      23 |       6 |  20.7
        D:3 |     336 |      66 |  16.4 |      34 |      19 |  35.8
        D:4 |     157 |      53 |  25.2 |       7 |       8 |  53.3
      Sewer |       0 |     155 | 100.0 |       0 |       8 | 100.0
            +---------+---------+-------+---------+---------+-------
